 Dungeon Crawl Stone Soup version 0.24-b1-48-gd9db55c (webtiles) character file.

Game seed: 713976597688553190, levelgen mode: deterministic

273 Fang the Skirmisher (level 6, -2/39 HPs)
             Began as a Gargoyle Berserker on Oct 24, 2019.
             Was a Priest of Trog.
             Slain by an iguana (8 damage)
             ... on level 4 of the Dungeon.
             The game lasted 00:02:31 (3158 turns).

Fang the Skirmisher (Gargoyle Berserker)            Turns: 3158, Time: 00:02:31

Health: -2/39      AC:  6    Str: 22    XL:     6   Next: 24%
Magic:  6/6        EV: 12    Int:  8    God:    Trog [***...]
Gold:   143        SH:  0    Dex:  9    Spells: 5/5 levels left

rFire    . . .     SeeInvis .   a - +0 hand axe
rCold    . . .     Gourm    .   (no shield)
rNeg     + . .     Faith    .   b - +0 animal skin
rPois    ∞         Spirit   .   (no helmet)
rElec    +         Reflect  .   (no cloak)
rCorr    .         Harm     .   (no gloves)
MR       .....                  (no boots)
Stlth    +.........             (no amulet)
HPRegen  0.13/turn              (no ring)
MPRegen  0.10/turn              (no ring)

@: no status effects
A: negative energy resistance 1, electricity resistance, unbreathing,
petrification resistance, rot immunity, AC +4
a: Berserk, Trog's Hand, Renounce Religion


You were on level 4 of the Dungeon.
You worshipped Trog.
Trog was most pleased with you.
You were near starving.

You visited 1 branch of the dungeon, and saw 4 of its levels.
You also visited: Ossuary.

You collected 143 gold pieces.

Inventory:

Hand Weapons
 a - a +0 hand axe (weapon)
Armour
 b - a +0 animal skin (worn)
Wands
 l - a wand of iceblast (17)
 p - a wand of flame (26)
Scrolls
 e - a scroll of amnesia {unknown}
 g - 6 scrolls of identify {unknown}
 h - 3 scrolls of remove curse {unknown}
 k - a scroll of immolation {unknown}
 n - 2 scrolls of fear {unknown}
 q - a scroll of noise {unknown}
 u - a scroll of blinking {unknown}
Potions
 d - 3 potions of curing {unknown}
 f - a potion of degeneration {unknown}
 i - a potion of invisibility {unknown}
 j - 2 potions of haste {unknown}
 m - a potion of lignification {unknown}
 o - a potion of agility {unknown}
 r - a potion of mutation {unknown}
 s - a potion of flight {unknown}
 t - 4 potions of might {unknown}
Comestibles
 c - 10 rations


   Skills:
 + Level 4.6 Fighting
 + Level 3.8 Axes
 + Level 3.9 Armour
 + Level 2.9 Dodging


You had 5 spell levels left.
You didn't know any spells.
Your spell library was empty.

Dungeon Overview and Level Annotations

Branches:
Dungeon (4/15)            Ossuary (visited)
 Temple: D:4-7

Altars:
Fedhas
Qazlal


Innate Abilities, Weirdness & Mutations

You are resistant to torment.
Your stone body is resilient. (AC +4)
You are immune to poison.
You resist negative energy. (rN+)
You are resistant to electric shocks. (rElec)
You can survive without breathing.
You are immune to petrification.
You are immune to rotting.


Message History

The iguana is severely wounded.
You barely miss the orc. The iguana bites you!
* * * LOW HITPOINT WARNING * * *
The orc hits you but does no damage. The iguana bites you.
* * * LOW HITPOINT WARNING * * *
You hit the iguana but do no damage.
The iguana is severely wounded.
You hit the orc.
You kill the orc!
Trog accepts your kill.
Trog will now gift you ammunition as you gain piety.
The iguana barely misses you.
You closely miss the iguana.
The iguana is severely wounded.
The iguana misses you.
You're too hungry.
You closely miss the iguana.
The iguana is severely wounded.
The iguana bites you!
You die...

#.#... # ..#..
.### .
#.#.###....
.######.#.......#
................
#...#...#......
#...##.).......
#...##.@l......
#......#Z....##
#...####.....#
#(..####..#..#
#......#..#..#
######..#.#..#
#.[.......
#.≈≈≈≈.≈≈≈
#.≈≈≈≈.≈≈≈


You could see an iguana and a bullfrog skeleton.

Vanquished Creatures
  A human zombie (Ossuary)
  A hound (D:4)
  An orc priest (D:3)
  A big kobold zombie (Ossuary)
  A hound zombie (Ossuary)
  4 mummies (Ossuary)
  2 adders
  An ooze (D:3)
  An adder zombie (Ossuary)
  4 worms
  A dart slug (D:2)
  2 leopard geckos
  5 orcs
  5 giant cockroaches
  3 goblins
  5 hobgoblins
  A quokka (D:3)
  3 bats
  4 frilled lizards
  3 goblin zombies (Ossuary)
  2 jackal zombies (Ossuary)
  6 kobolds
  2 orc zombies (Ossuary)
  7 rats
  A rat zombie (Ossuary)
67 creatures vanquished.

Notes
Turn   | Place    | Note
-------+----------+-------------------------------------------
     0 | D:1      | Fang the Gargoyle Berserker began the quest for the Orb.
     0 | D:1      | Reached XP level 1. HP: 14/14 MP: 1/1
   279 | D:1      | Reached XP level 2. HP: 19/19 MP: 2/2
   947 | D:2      | Reached XP level 3. HP: 24/24 MP: 3/3
  1077 | D:2      | Reached ** piety under Trog
  1098 | D:2      | You fall into a shaft and drop 1 floor!
  1354 | D:3      | Reached skill level 4 in Fighting
  1354 | D:3      | Reached XP level 4. HP: 17/29 MP: 4/4
  1523 | D:3      | Found a blossoming altar of Fedhas.
  1526 | D:3      | Found a stormy altar of Qazlal.
  1655 | D:3      | Found a faded altar of an unknown god.
  2048 | D:3      | Reached XP level 5. HP: 23/33 MP: 5/5
  2311 | D:4      | Found a sand-covered staircase.
  2323 | Ossuary  | Entered an ossuary
  2702 | Ossuary  | Reached XP level 6. HP: 19/39 MP: 6/6
  3156 | D:4      | Reached *** piety under Trog
  3158 | D:4      | Slain by an iguana

Skill      XL: |  1  2  3 |
---------------+----------+-----
Axes           | 3 |  3.8
Dodging        | 2 |  2.9
Fighting       | 4 |  4.6
Armour         | 3 |  3.9

Action                   |  1- 3 |  4- 6 || total
-------------------------+-------+-------++-------
Melee: Hand axe          |   109 |   119 ||   228
Invok: Berserk           |     2 |     1 ||     3
 Stab: Sleeping          |     1 |       ||     1
  Eat: Chunk             |     2 |     6 ||     8
Armor: Animal skin       |    37 |    48 ||    85
Dodge: Dodged            |    81 |   107 ||   188
